 Dungeon Sprint DCSS version 0.29.1-1-gd02db6906a (webtiles) character file.

Game seed: 10057210294035468443

4100000 Ashen the Conqueror (level 19, -1/189 HPs)
             Began as a Demonspawn Monk on Oct 10, 2022.
             Was the Champion of Makhleb.
             Slain by a meat berserker
             ... wielding a +9 battleaxe
              (41 damage)
             ... in the Dungeon (Sprint VIII: "Arena of Blood").
             The game lasted 00:06:54 (41 turns).

Ashen the Conqueror (Demonspawn Monk)                 Turns: 41, Time: 00:06:58

Health: -1/189     AC:  5    Str: 13    XL:     19   Next: 52%
Magic:  36/36      EV: 40    Int: 12    God:    Makhleb [******]
Gold:   0          SH:  0    Dex: 22    Spells: 33/33 levels left

rFire   . . .      SeeInvis +   j - +∞ Axe of Woe
rCold   . . .      Faith    .   (shield currently unavailable)
rNeg    . . .      Spirit   .   b - +0 robe
rPois   .          Reflect  .   (helmet unavailable)
rElec   .          Harm     .   (no cloak)
rCorr   .          Rampage  .   (no gloves)
Will    +....      NoTele   +   (no boots)
Stlth   ++++++++++              (no amulet)
HPRegen 0.41/turn               (no ring)
MPRegen 0.25/turn               (no ring)

@: agile
A: antennae 3, yellow scales 2, icemail 2, powered by pain 2, condensation
shield, corrupting presence 1
a: Renounce Religion, Minor Destruction, Lesser Servant of Makhleb, Major
Destruction, Greater Servant of Makhleb


You were in the Dungeon.
You worshipped Makhleb.
Makhleb was exalted by your worship.
You visited 1 branch

Inventory:

Hand Weapons
 a - a +0 hand axe
 j - the +∞ Axe of Woe (weapon)
   (You found it in the Dungeon)
Armour
 b - a +0 robe (worn)
Scrolls
 i - a scroll of blinking
Potions
 c - a potion of ambrosia
 d - a potion of curing
 e - a potion of heal wounds
 f - a potion of haste
 g - 2 potions of magic
 h - a potion of berserk rage


   Skills:
 O Level 27 Fighting
 + Level 7.7(9.2) Short Blades
 + Level 7.7(9.2) Long Blades
 O Level 27 Axes
 + Level 7.7(19.9) Maces & Flails
 + Level 7.8(19.9) Polearms
 + Level 7.7(10.5) Staves
 + Level 7.7 Ranged Weapons
 + Level 7.7 Throwing
 + Level 7.7 Armour
 O Level 27 Dodging
 O Level 27 Stealth
 + Level 7.7 Shields
 + Level 7.7 Unarmed Combat
 + Level 7.7 Spellcasting
 + Level 9.5 Conjurations
 + Level 8.5 Hexes
 + Level 8.5 Summonings
 + Level 9.3 Necromancy
 + Level 7.7 Translocations
 + Level 8.7 Transmutations
 + Level 8.7 Fire Magic
 + Level 8.7 Ice Magic
 + Level 8.7 Air Magic
 + Level 8.7 Earth Magic
 + Level 9.5 Poison Magic
 O Level 27 Invocations
 + Level 9.5 Evocations


You had 33 spell levels left.
You didn't know any spells.
Your spell library was empty.

Dungeon Overview and Level Annotations

Branches:
Dungeon (1/1)

Altars:
Makhleb


Innate Abilities, Weirdness & Mutations

You have a pair of large antennae on your head. (SInv)
You are mostly covered in yellow scales. (AC +3)
A meltable icy envelope protects you from harm. (AC +0)
You sometimes gain power by taking damage.
A meltable shield of frost defends you. (SH +0)
Your presence sometimes corrodes those you injure.


Message History

The large bag of meat is engulfed in blazing flames.
You hear a shout! x2
Press: ? - help, v - describe, . - travel
Here: an eight-headed meat hydra (severely wounded)
The floor.
The destroyer appears out of thin air!
A destroyer comes into view. It is wielding a +9 vorpal great sword.
You hear a shout! x4
The bag of meat is engulfed in blazing flames.
You hear a shout! x3
The sculptor of flesh is engulfed in blazing flames.
You hear a shout! x3
A meat berserker comes into view. It is wielding a +9 battleaxe.
The destroyer points at you and mumbles some strange words.
The destroyer blinks!
The large bag of meat is engulfed in blazing flames.
The large bag of meat barely misses you.
The large bag of meat hits you with a +9 giant spiked club!!!
* * * LOW HITPOINT WARNING * * *
You focus on the pain.
You feel your power returning.
You hear a shout! x2
You hit the large bag of meat.
Flame seeps out of the large bag of meat.
You chop the large bag of meat into pieces.
Makhleb accepts your kill.
You feel better.
The large bag of meat explodes!
The fiery explosion engulfs the bag of meat!!
The fiery explosion engulfs you!!
The fiery explosion engulfs the sculptor of flesh!
You are engulfed in blazing flames.
* * * LOW HITPOINT WARNING * * *
You hear a shout! x3
A meat berserker comes into view. It is wielding a +9 battleaxe.
The bag of meat is engulfed in blazing flames.
You hear a shout! x2
The meat berserker rages.
You hear a shout!
The meat berserker hits you with a +9 battleaxe!!!
You die...

#.............{...
............o.{.
....oo...o.{{
#..O.)z)#{{ ..
#...{ooO# { ..
...###..{.ooo###...
.......o###)z§......
#....oo.o_.oo§......
......#)..O@#°{.....
......#_§V._#.{D{z..
..... #.)..V#.o....#
#.....).._.....{....
........###O........
...###... ...###V..
.. #... ...#
#.....O.# ..... ..


You could see 2 destroyers, 2 sculptors of flesh, 4 meat berserkers and 12 bags
of meat.

Vanquished Creatures
  2 vampire knights (D)
  9 ogres (D)
  2 two-headed ogres (D)
  19 orcs (D)
  2 skeletal warriors (D)
34 creatures vanquished.

Notes
Turn   | Place    | Note
-------+----------+-------------------------------------------
     0 | D        | Found the +∞ Axe of Woe
     0 | D        | Ashen the Demonspawn Monk began the quest for the Orb.
     0 | D        | Reached XP level 1. HP: 18/18 MP: 1/1
     1 | D        | Noticed a bag of meat
     3 | D        | Became a worshipper of Makhleb the Destroyer
     3 | D        | Reached * piety under Makhleb
     3 | D        | Reached ** piety under Makhleb
     4 | D        | Noticed a bag of meat
     4 | D        | Noticed a bag of meat
     5 | D        | Noticed a bag of meat
     6 | D        | Killed a bag of meat
     7 | D        | Reached skill level 5 in Stealth
     7 | D        | Gained mutation: A meltable shield of frost defends you.
                  | (SH +0) [demonic ancestry]
     7 | D        | Reached XP level 2. HP: 43/43 MP: 2/2
     7 | D        | Gained mutation: You are partially covered in yellow
                  | scales. (AC +2) [demonic ancestry]
     7 | D        | Reached XP level 3. HP: 49/49 MP: 3/3
     7 | D        | Gained mutation: You are mostly covered in yellow scales.
                  | (AC +3) [demonic ancestry]
     7 | D        | Reached XP level 4. HP: 56/56 MP: 4/4
     7 | D        | Gained mutation: A meltable icy envelope protects you from
                  | harm. (AC +0) [demonic ancestry]
     7 | D        | Reached XP level 5. HP: 62/62 MP: 5/5
     7 | D        | Reached XP level 6. HP: 69/69 MP: 6/6
     7 | D        | Reached XP level 7. HP: 75/75 MP: 7/7
     7 | D        | Gained mutation: You sometimes gain a little power by
                  | taking damage. [demonic ancestry]
     7 | D        | Reached XP level 8. HP: 82/82 MP: 8/8
     7 | D        | Reached XP level 9. HP: 88/88 MP: 9/9
     7 | D        | Reached XP level 10. HP: 95/95 MP: 10/10
     7 | D        | Killed a bag of meat
     7 | D        | Noticed a meat berserker
     7 | D        | Noticed a bag of meat
     8 | D        | Reached skill level 15 in Dodging
     8 | D        | Gained mutation: You have a pair of small antennae on your
                  | head. [demonic ancestry]
     8 | D        | Reached XP level 11. HP: 107/107 MP: 11/11
     8 | D        | Killed a bag of meat
     8 | D        | Noticed a meat berserker
     9 | D        | Gained mutation: You have a pair of antennae on your head.
                  | [demonic ancestry]
     9 | D        | Reached XP level 12. HP: 117/117 MP: 12/12
     9 | D        | Noticed a bag of meat
    10 | D        | Killed a meat berserker
    10 | D        | Reached *** piety under Makhleb
    10 | D        | Killed a bag of meat
    10 | D        | Killed a bag of meat
    10 | D        | Noticed a bag of meat
    10 | D        | Noticed a bag of meat
    10 | D        | Noticed a bag of meat
    11 | D        | Reached XP level 13. HP: 133/133 MP: 13/13
    11 | D        | Reached XP level 14. HP: 141/141 MP: 14/14
    12 | D        | Killed a meat berserker
    12 | D        | Reached **** piety under Makhleb
    12 | D        | Noticed a bag of meat
    13 | D        | Reached skill level 1 in Invocations
    16 | D        | Killed a bag of meat
    16 | D        | Killed a bag of meat
    17 | D        | Gained mutation: A meltable icy envelope protects you from
                  | harm. (AC +0) [demonic ancestry]
    17 | D        | Reached XP level 15. HP: 154/154 MP: 14/16
    20 | D        | Noticed a destroyer
    21 | D        | Noticed a meat berserker
    22 | D        | Noticed a destroyer
    22 | D        | Noticed a large bag of meat
    23 | D        | Noticed a meat berserker
    23 | D        | Noticed a meat berserker
    23 | D        | Noticed a meat berserker
    24 | D        | Killed a meat berserker
    25 | D        | Reached ***** piety under Makhleb
    26 | D        | Reached skill level 27 in Fighting
    26 | D        | Noticed a large bag of meat
    26 | D        | Noticed a meat berserker
    27 | D        | Reached skill level 27 in Axes
    27 | D        | Reached skill level 5 in Invocations
    27 | D        | Gained mutation: You sometimes gain power by taking damage.
                  | [demonic ancestry]
    27 | D        | Reached XP level 16. HP: 167/167 MP: 16/20
    28 | D        | Killed a large bag of meat
    29 | D        | Reached skill level 27 in Dodging
    30 | D        | Noticed a sculptor of flesh
    30 | D        | Noticed a sculptor of flesh
    30 | D        | Noticed a large bag of meat
    31 | D        | Gained mutation: You have a pair of large antennae on your
                  | head. (SInv) [demonic ancestry]
    31 | D        | Reached XP level 17. HP: 174/174 MP: 21/30
    31 | D        | Noticed a sculptor of flesh
    31 | D        | Killed a destroyer
    31 | D        | Reached ****** piety under Makhleb
    31 | D        | Killed a sculptor of flesh
    31 | D        | Killed a destroyer
    31 | D        | Noticed a meat berserker
    31 | D        | Noticed an eight-headed meat hydra
    32 | D        | Reached skill level 27 in Stealth
    32 | D        | Reached skill level 27 in Invocations
    32 | D        | Reached XP level 18. HP: 182/182 MP: 21/35
    32 | D        | Killed a sculptor of flesh
    32 | D        | Noticed a meat berserker
    33 | D        | Killed a meat berserker
    33 | D        | Noticed a sculptor of flesh
    34 | D        | Noticed a destroyer
    35 | D        | Reached skill level 5 in Conjurations
    35 | D        | Reached skill level 5 in Necromancy
    35 | D        | Reached skill level 5 in Transmutations
    35 | D        | Reached skill level 5 in Fire Magic
    35 | D        | Reached skill level 5 in Ice Magic
    35 | D        | Reached skill level 5 in Air Magic
    35 | D        | Reached skill level 5 in Earth Magic
    35 | D        | Reached skill level 5 in Poison Magic
    35 | D        | Reached skill level 5 in Evocations
    35 | D        | Killed a meat berserker
    35 | D        | Killed a meat berserker
    35 | D        | Noticed a meat berserker
    35 | D        | Noticed a destroyer
    36 | D        | Reached skill level 5 in Short Blades
    36 | D        | Reached skill level 5 in Long Blades
    36 | D        | Reached skill level 5 in Maces & Flails
    36 | D        | Reached skill level 5 in Staves
    36 | D        | Reached skill level 5 in Throwing
    36 | D        | Reached skill level 5 in Unarmed Combat
    36 | D        | Reached skill level 5 in Spellcasting
    36 | D        | Reached skill level 5 in Translocations
    36 | D        | Noticed a meat berserker
    37 | D        | Killed a meat berserker
    38 | D        | Gained mutation: Your presence sometimes corrodes those you
                  | injure. [demonic ancestry]
    38 | D        | Reached XP level 19. HP: 189/189 MP: 28/36
    38 | D        | Killed a meat berserker
    38 | D        | Killed a meat berserker
    40 | D        | Noticed a meat berserker
    41 | D        | Noticed a destroyer
    41 | D        | Killed a large bag of meat
    41 | D        | Noticed a meat berserker
    41 | D        | Slain by a meat berserker

Illustrated notes

Levels and vault maps discovered:
D:        meatsprint

Skill      XL: |  1  2  3  4  5  6  7  8  9 10 11 12 13 14 15 16 17 18 19 |
---------------+----------------------------------------------------------+-----
Fighting       | 14 17 18 22 25 27 | 27.0
Axes           | 14 16 17 21 24 27 | 27.0
Dodging        | 13 15 16 19 22 26 27 | 27.0
Stealth        | 5 6 7 8 9 11 21 27 | 27.0
Invocations    | 2 5 18 27 | 27.0
Short Blades   | 6 7 |  7.7
Long Blades    | 6 7 |  7.7
Maces & Flails | 6 7 |  7.7
Polearms       | 6 7 |  7.8
Staves         | 6 7 |  7.7
Ranged Weapons | 6 7 |  7.7
Throwing       | 6 7 |  7.7
Armour         | 6 7 |  7.7
Shields        | 6 7 |  7.7
Unarmed Combat | 6 7 |  7.7
Spellcasting   | 6 7 |  7.7
Conjurations   | 8 9 |  9.5
Hexes          | 7 8 |  8.5
Summonings     | 7 8 |  8.5
Necromancy     | 8 9 |  9.3
Translocations | 6 7 |  7.7
Transmutations | 7 8 |  8.7
Fire Magic     | 7 8 |  8.7
Ice Magic      | 7 8 |  8.7
Air Magic      | 7 8 |  8.7
Earth Magic    | 7 8 |  8.7
Poison Magic   | 8 9 |  9.5
Evocations     | 8 9 |  9.5

Action                   |  1- 3 |  4- 6 |  7- 9 | 10-12 | 13-15 | 16-18 | 19-21 || total
-------------------------+-------+-------+-------+-------+-------+-------+-------++-------
Melee: Executioner's axe |     1 |       |       |     3 |     5 |     8 |     3 ||    20
Invok: Minor Destruction |       |       |       |       |     1 |       |       ||     1
Dodge: Dodged            |       |       |       |       |       |     1 |     1 ||     2
